 Dungeon Crawl Stone Soup version 0.27.0-1-g7a089689b8 (webtiles) character file.

Game seed: 8829860154632805030

4546 KamiKatze the Blocker (level 10, -6/64 HPs)
             Began as a Gargoyle Fighter on July 31, 2021.
             Mangled by a four-headed hydra (13 damage)
             ... on level 8 of the Dungeon.
             The game lasted 00:24:13 (6827 turns).

KamiKatze the Blocker (Gargoyle Fighter)            Turns: 6827, Time: 00:24:14

Health: -6/64      AC: 11    Str: 29    XL:     10   Next: 40%
Magic:  10/10      EV: 10    Int:  8    God:
Gold:   463        SH: 13    Dex: 15    Spells: 9/9 levels left

rFire    . . .     SeeInvis .   K - +2 scimitar (flame)
rCold    . . .     Faith    .   c - +0 kite shield
rNeg     + . .     Spirit   .   f - +0 leather armour of Dust Devil {rElec Regen+ Str+5}
rPois    ∞         Reflect  .   (no helmet)
rElec    +         Harm     .   (no cloak)
rCorr    .         Rampage  .   (no gloves)
Will     .....                  y - +0 pair of boots
Stlth    +.........             (no amulet)
HPRegen  1.20/turn              e - +6 ring of dexterity
MPRegen  0.12/turn              D - ring of wizardry

@: no status effects
A: sickness immunity, AC +7, negative energy resistance 1, electricity
resistance, torment resistance 1, petrification resistance
a: no special abilities


You were on level 8 of the Dungeon.
You visited 2 branches of the dungeon, and saw 9 of its levels.

You collected 475 gold pieces.
You spent 12 gold pieces at shops.

Inventory:

Hand Weapons
 a - a +4 vampiric hand axe
 w - a +0 war axe
 K - a +2 scimitar of flaming (weapon)
Missiles
 i - 346 stones
 G - 37 poisoned darts (quivered)
Armour
 b - a +0 scale mail
 c - a +0 kite shield (worn)
 f - the +0 leather armour of Dust Devil (worn) {rElec Regen+ Str+5}
   (You found it on level 4 of the Dungeon)

   Str:       It affects your strength (+5).
   rElec:     It insulates you from electricity.
   Regen:     It increases your rate of health regeneration.
 v - a +0 tower shield
 y - a +0 pair of boots (worn)
Jewellery
 e - a +6 ring of dexterity (left hand)
 m - a ring of fire
 D - a ring of wizardry (right hand)
Wands
 l - a wand of digging (4)
 H - a wand of acid (4)
 J - a wand of flame (7)
Scrolls
 g - 3 scrolls of enchant armour {unknown}
 k - a scroll of magic mapping
 n - a scroll of blinking
 q - 2 scrolls of summoning {unknown}
 r - a scroll of holy word {unknown}
 s - 3 scrolls of amnesia
 x - a scroll of fear {unknown}
 A - 2 scrolls of teleportation {unknown}
 C - a scroll of brand weapon {unknown}
 I - a scroll of identify
Potions
 d - a potion of attraction {unknown}
 h - 2 potions of mutation
 j - 2 potions of brilliance
 o - a potion of heal wounds
 p - a potion of resistance
 t - 4 potions of curing
 u - 2 potions of cancellation {unknown}
 B - a potion of flight {unknown}
 E - a potion of haste
 F - a potion of ambrosia


   Skills:
 + Level 8.0 Fighting
 * Level 8.9 Axes
 - Level 3.2 Armour
 * Level 10.8 Shields


You had 9 spell levels left.
You didn't know any spells.
Your spell library contained the following spells:

 Spells                   Type           Power      Damage    Failure   Level
 Slow                     Hex            0%         N/A       43%         2
 Wereblood                Tmut           0%         N/A       43%         2
 Confusing Touch          Hex            0%         N/A       65%         3
 Vampiric Draining        Necr           0%         2d6       65%         3
 Petrify                  Tmut/Erth      0%         N/A       96%         4
 Metabolic Englaciation   Hex/Ice        0%         N/A       100%        5
 Summon Hydra             Summ           0%         N/A       100%        7
 Chain Lightning          Conj/Air       0%         N/A       100%        9
 Fire Storm               Conj/Fire      0%         5d1       100%        9
 Sublimation of Blood     Necr           Unusable   N/A       N/A         2
 Statue Form              Tmut/Erth      Unusable   N/A       N/A         6

Dungeon Overview and Level Annotations

Branches:
Dungeon (8/15)             Temple (1/1) D:4
   Lair: D:8-11

Altars:
Ashenzari
Cheibriados
Elyvilon
Fedhas
Gozag
Hepliaklqana
Kikubaaqudgha
Makhleb
Nemelex Xobeh
Qazlal
Sif Muna
Trog
Vehumet
Wu Jian
Xom
Yredelemnul
Zin
The Shining One

Shops:
D:1 !*(=   D:7 (


Innate Abilities, Weirdness & Mutations

You are immune to sickness and miasma.
Your stone body is resilient. (AC +7)
You are immune to poison.
You resist negative energy. (rN+)
You are resistant to electric shocks. (rElec)
You are resistant to unholy torment.
You are immune to petrification.


Message History

You block the seven-headed hydra's attack.
The seven-headed hydra bites you. The seven-headed hydra bites you! x2
The seven-headed hydra bites you but does no damage. x3
Unknown command.
You hack one of the seven-headed hydra's heads off!
The flame cauterises the wound!
You slash the six-headed hydra! You burn the six-headed hydra.
The six-headed hydra is heavily wounded.
You block the six-headed hydra's attack. x2
The six-headed hydra bites you. x2
You block the six-headed hydra's attack.
The six-headed hydra bites you but does no damage. x2
The six-headed hydra barely misses you. The six-headed hydra bites you.
* * * LOW HITPOINT WARNING * * *
The six-headed hydra bites you.
* * * LOW HITPOINT WARNING * * *
You block the six-headed hydra's attack.
The six-headed hydra bites you but does no damage.
You lop one of the six-headed hydra's heads off!
The flame cauterises the wound!
You slash the five-headed hydra! You burn the five-headed hydra.
The five-headed hydra is severely wounded.
You block the five-headed hydra's attack.
The five-headed hydra bites you.
* * * LOW HITPOINT WARNING * * *
You block the five-headed hydra's attack.
The five-headed hydra barely misses you.
The five-headed hydra bites you!
* * * LOW HITPOINT WARNING * * *
You slice one of the five-headed hydra's heads off!
The flame cauterises the wound!
You slash the four-headed hydra! You burn the four-headed hydra.
The four-headed hydra is almost dead.
The four-headed hydra is no longer covered in acid.
The four-headed hydra bites you.
* * * LOW HITPOINT WARNING * * *
The four-headed hydra closely misses you.
You block the four-headed hydra's attack.
The four-headed hydra bites you!
You die...

.##...#.#............##.#
#D#
.######.#.....##.....##.#
#.# .#
#.#..........####D# #.#
.######.#..........# #.#
#.#
.'.................####D#
#>#
.######.#..........#.D..#
#.#
.##...#.........(..#.####
#.#
.##.#.##.#.)..######.#
#.#
.##.#.##.#.##...@D...#
#.#
.##.#.##.#.###########
#.# >##.#.##.#.. #†#
.##.#.##.### ... #.#
......#...# ... #.#
####.##.#.# .. #.#
.....##.#.## .D #.#
######..#..# #. #.#
##.###.## #. #.#


You could see a four-headed hydra.

Vanquished Creatures
  Erica (D:8)
  3 wyverns
  6 yaks (D:8)
  A vampire (D:8)
  2 vampire mosquitoes (D:8)
  A water moccasin (D:6)
  A sky beast (D:5)
  2 orc warriors
  A necrophage (D:8)
  2 ice beasts
  4 ogres
  A centaur (D:8)
  A bullfrog (D:8)
  4 scorpions (D:6)
  A wyvern skeleton (D:6)
  A wight (D:8)
  2 bullfrog zombies
  2 centaur zombies (D:8)
  A centaur skeleton (D:7)
  2 hounds
  2 orc priests
  3 iguanas
  Jessica (D:2)
  4 orc wizards
  Terence (D:3)
  A hound skeleton (D:4)
  7 gnolls (D:4)
  5 adders
  A white imp (D:5)
  An ufetubus (D:4)
  3 dart slugs
  2 worms (D:2)
  22 orcs
  6 bats
  4 endoplasms
  2 giant cockroaches (D:2)
  3 goblins
  4 hobgoblins
  15 jackals
  9 kobolds
  2 quokkas
  3 ball pythons
  3 frilled lizards
  11 rats
154 creatures vanquished.

Vanquished Creatures (others)
  An orc wizard (D:7)
  6 demonic plants (D:2)
  3 fungi (D:2)
  4 plants (D:2)
  3 withered plants (D:2)
17 creatures vanquished.

Grand Total: 171 creatures vanquished

Notes
Turn   | Place    | Note
-------+----------+-------------------------------------------
     0 | D:1      | KamiKatze the Gargoyle Fighter began the quest for the Orb.
     0 | D:1      | Reached XP level 1. HP: 14/14 MP: 1/1
    57 | D:1      | Found Caimuh's Weapon Shoppe.
    97 | D:1      | Reached XP level 2. HP: 14/19 MP: 2/2
   243 | D:1      | Found Sokh's Jewellery Shoppe.
   665 | D:1      | Found Exoits's General Store.
   791 | D:1      | Reached XP level 3. HP: 6/23 MP: 3/3
  1095 | D:1      | Found Zerchacs's Distillery.
  1105 | D:1      | Bought a potion of degeneration for 12 gold pieces
  1378 | D:2      | Noticed Jessica
  1392 | D:2      | Killed Jessica
  1393 | D:2      | Reached skill level 4 in Shields
  1393 | D:2      | Reached XP level 4. HP: 23/29 MP: 4/4
  1788 | D:2      | Found a faded altar of an unknown god.
  2109 | D:3      | Reached XP level 5. HP: 33/33 MP: 5/5
  2647 | D:3      | Found a shimmering altar of Xom.
  2714 | D:3      | Noticed Terence
  2726 | D:3      | Killed Terence
  2727 | D:3      | Reached skill level 5 in Shields
  2886 | D:3      | Reached XP level 6. HP: 30/38 MP: 6/6
  3045 | D:4      | Identified the +0 leather armour of Dust Devil {rElec
                  | Regen+ Str+5}
  3375 | D:4      | Reached XP level 7. HP: 44/44 MP: 7/7
  3541 | D:4      | Found a staircase to the Ecumenical Temple.
  3550 | Temple   | Entered the Ecumenical Temple
  3839 | D:4      | Reached skill level 6 in Shields
  4153 | D:5      | Entered Level 5 of the Dungeon
  4345 | D:5      | Reached skill level 5 in Fighting
  4469 | D:5      | Reached skill level 5 in Axes
  4509 | D:5      | Reached XP level 8. HP: 48/49 MP: 8/8
  4789 | D:6      | Reached skill level 7 in Shields
  5044 | D:6      | Reached skill level 8 in Shields
  5498 | D:7      | Reached XP level 9. HP: 55/55 MP: 9/9
  5603 | D:7      | Found an opulent altar of Gozag.
  5709 | D:7      | Found Raucag's Weapon Boutique.
  6007 | D:8      | Noticed Erica
  6020 | D:8      | Killed Erica
  6021 | D:8      | Reached skill level 9 in Shields
  6191 | D:8      | Reached skill level 10 in Shields
  6252 | D:8      | Reached XP level 10. HP: 54/63 MP: 10/10
  6773 | D:8      | Noticed a seven-headed hydra
  6827 | D:8      | Mangled by a four-headed hydra

Illustrated notes

Levels and vault maps discovered:
D:1:      dpeg_arrival_brainrot, layout_loops_ring, serial_shops, shop,
          nicolae_shop_waterfront, nicolae_shop_trees, shop
D:2:      layout_rooms, shapermc_ecumenical_altar_gd, serial_bayou_pond_d,
          minmay_vboxes, uniq_jessica
D:3:      layout_rooms, lemuel_round_altar, uniq_terence
D:4:      layout_basic, minmay_temple_entry_waves
D:5:      layout_gridville
D:6:      layout_cave_pools
D:7:      layout_loops_ring, amcnicky_altar_gilded, serial_shops,
          nicolae_shop_window_shopping, serial_glass, glass_columns_a,
          glass_columns_b, feat_on_display, feat_on_display, feat_on_display,
          feat_on_display
D:8:      minmay_general_purpose_star, layout_basic,
          mainiacjoe_overflow_two_lobes, chequers_serial_rivers_small_a,
          uniq_erica
Temple:   nicolae_temple_x_marks_the_god

Skill      XL: |  1  2  3  4  5  6  7  8  9 10 |
---------------+-------------------------------+-----
Axes           | 2 3 4 5 6 8 |  8.9
Shields        | 4 5 6 8 10 | 10.8
Fighting       | 4 5 6 7 8 |  8.0
Armour         | |  3.2

Action                   |  1- 3 |  4- 6 |  7- 9 | 10-12 || total
-------------------------+-------+-------+-------+-------++-------
Melee: War axe           |   112 |   182 |       |       ||   294
       Hand axe          |       |    51 |   248 |    69 ||   368
       Scimitar          |       |       |       |     4 ||     4
Throw: Stone             |     4 |       |       |       ||     4
Evoke: Wand              |       |       |     4 |     2 ||     6
  Use: Scroll            |       |     7 |     2 |       ||     9
       Potion            |       |     3 |     3 |       ||     6
Armor: Scale mail        |    69 |   158 |       |       ||   227
       Leather armour    |       |     8 |    79 |    19 ||   106
Dodge: Dodged            |    34 |    77 |    65 |    22 ||   198
Block: Kite shield       |    68 |   157 |   122 |    44 ||   391
